 Dungeon Crawl Stone Soup version 0.30-a0-1102-g2dbb833546 (webtiles) character file.

Game seed: 14939158385977201686

173 KristoblXynda the Slasher (level 5, -1/45 HPs)
             Began as a Draconian Gladiator on Apr 18, 2023.
             Slain by Grinder (3 damage)
             ... on level 4 of the Dungeon.
             The game lasted 00:03:17 (2564 turns).

KristoblXynda the Slasher (Draconian Gladiator)     Turns: 2564, Time: 00:03:17

Health: -1/45      AC:  5    Str: 16    XL:     5   Next: 28%
Magic:  5/5        EV: 13    Int: 16    God:
Gold:   59         SH:  0    Dex: 13    Spells: 4/4 levels left

rFire   . . .      SeeInvis .    a - +0 long sword
rCold   . . .      Faith    .    (no shield)
rNeg    . . .      Spirit   .    (body armour unavailable)
rPois   .          Reflect  .    b - +0 hat
rElec   .          Rampage  .    (no cloak)
rCorr   .                        (no gloves)
Will    .....                    (no boots)
Stlth   +                        r - amulet of the acrobat
HPRegen 0.27/turn                l - +6 ring of intelligence
MPRegen 0.09/turn                (no ring)

@: no status effects
A: AC +5, unfitting armour, cold-blooded
a: no special abilities


You were on level 4 of the Dungeon.
You visited 2 branches of the dungeon, and saw 5 of its levels.

You collected 174 gold pieces.
You spent 115 gold pieces at shops.

Inventory:

Hand Weapons
 a - a +0 long sword (weapon)
Missiles
 c - a throwing net (quivered)
 d - a javelin
Armour
 b - a +0 hat (worn)
Jewellery
 l - a +6 ring of intelligence (left hand)
 r - an amulet of the acrobat (around neck)
Wands
 s - a wand of flame (18)
Scrolls
 f - a scroll of teleportation {unknown}
 h - a scroll of fog {unknown}
 k - a scroll of enchant armour {unknown}
 m - a scroll of silence {unknown}
 o - a scroll of brand weapon
 p - 2 scrolls of immolation {unknown}
 q - a scroll of magic mapping {unknown}
Potions
 e - a potion of curing
 g - 3 potions of flight
 i - a potion of lignification {unknown}
 j - a potion of resistance {unknown}
 n - a potion of heal wounds {unknown}


   Skills:
 + Level 3.5 Fighting
 * Level 4.6 Long Blades
 - Level 2.0 Throwing
 + Level 3.5 Dodging


You had 4 spell levels left.
You didn't know any spells.
Your spell library contained the following spells:

 Spells                   Type           Power      Damage    Failure   Level
 Kiss of Death            Conj/Necr      0%         2d5       26%         1
 Confusing Touch          Hex            0%         N/A       58%         3
 Dispel Undead            Necr           0%         3d6       94%         4


Dungeon Overview and Level Annotations

Branches:
Dungeon (4/15)             Temple (1/1) D:4

Altars:
Cheibriados
Elyvilon
Ru
Trog
Wu Jian
The Shining One

Shops:
D:3 ?

Annotations:
D:4 Grinder


Innate Abilities, Weirdness & Mutations

Your plain brown scales are hard. (AC +5)
You cannot fit into any form of body armour.
You are cold-blooded and may be slowed by cold attacks.


Message History

Grinder hits you.
Throw: 2 throwing nets
Press: ? - help, Q - select action, (/) - cycle Shift-Dir - straight line, f/p - Grinder
Aim: Grinder, carrying a wand of quicksilver (1) (moderately wounded, 55% to hit)
You throw a throwing net.
The throwing net closely misses Grinder.
Grinder hits you but does no damage.
You barely miss Grinder.
Grinder is moderately wounded.
Grinder hits you but does no damage.
You closely miss Grinder.
Grinder is moderately wounded.
Grinder blinks!
Grinder is nearby!
Grinder says, "My boss said I was rubbish.
His entrails said otherwise."
Grinder gestures at you. Pain shoots through your body!
* * * LOW HITPOINT WARNING * * *
You see here a +0 mace.
Unknown command.
You feel better.
You barely miss Grinder.
You tail-slap Grinder, but do no damage.
Grinder is moderately wounded.
Grinder blinks!
Grinder zaps a wand.
The bolt of dispelling energy hits you!
* * * LOW HITPOINT WARNING * * *
The now-empty wand crumbles to dust.
Aiming: Throw Flame
Press: ? - help, Shift-Dir - straight line, f/p - Grinder
Aim: Grinder (moderately wounded, 64% to hit)
The puff of flame hits Grinder.
Grinder is moderately wounded.
Aiming: Throw Flame
Press: ? - help, Shift-Dir - straight line, f/p - Grinder
Aim: Grinder (moderately wounded, 64% to hit)
The puff of flame misses Grinder.
You barely miss Grinder.
Grinder is moderately wounded.
Grinder hits you.
You die...

.......)..##....#.....#
.......(....)>.........
..........#....##.....#
.........#....#..#....#
#........#..#.#.....###
#.##.#....##..)#.......
.
#.#..##..........###...
.. #....#5........###
#.##
##.#...#.@).......#
#..# ...... ###).....##
.... $.....##........#
..... ..o....#........#
<###..
..[............... .#
#. .................#..
. ................... $
..........###.###.
..........# .#


You could see Grinder.

Vanquished Creatures
  An orc priest (D:3)
  An orc wizard (D:3)
  5 adders
  A worm (D:3)
  2 dart slugs
  7 orcs
  6 ball pythons
  7 bats
  5 endoplasms
  6 goblins
  3 hobgoblins
  3 jackals (D:1)
  3 quokkas
  3 frilled lizards
  5 kobolds
  5 rats
63 creatures vanquished.

Vanquished Creatures (others)
  10 plants (D:2)
10 creatures vanquished.

Grand Total: 73 creatures vanquished

Notes
Turn   | Place    | Note
-------+----------+-------------------------------------------
     0 | D:1      | KristoblXynda the Draconian Gladiator began the quest for
                  | the Orb.
     0 | D:1      | Reached XP level 1. HP: 17/17 MP: 1/1
   254 | D:1      | Reached XP level 2. HP: 25/25 MP: 2/2
   716 | D:2      | Found a faded altar of an unknown god.
   768 | D:2      | Reached XP level 3. HP: 30/30 MP: 3/3
  1316 | D:3      | Found Siv Puxt's Magic Scroll Shoppe.
  1324 | D:3      | Bought a scroll of brand weapon for 95 gold pieces
  1324 | D:3      | Bought a scroll of identify for 20 gold pieces
  1385 | D:3      | Reached XP level 4. HP: 27/38 MP: 4/4
  1447 | D:3      | Reached skill level 4 in Long Blades
  1656 | D:3      | Reached XP level 5. HP: 19/45 MP: 5/5
  2428 | D:4      | Found a staircase to the Ecumenical Temple.
  2454 | Temple   | Entered the Ecumenical Temple
  2521 | D:4      | Noticed Grinder
  2560 | D:4      | HP: 1/45 [Grinder/bolt of dispelling energy (16)]
  2564 | D:4      | Slain by Grinder

Illustrated notes

Levels and vault maps discovered:
D:1:      dpeg_arrival_line_fractal, layout_basic
D:2:      layout_rooms, shapermc_ecumenical_altar_starsandcircs,
          grunt_decor_resistance, serial_bayou_lagoon_b
D:3:      layout_basic, serial_shops, shop
D:4:      layout_cave_pools, grunt_temple_overflow_lords_of_destruction,
          nicolae_qazlal_eye_of_the_storm, nicolae_overflow_crystal_walls,
          lemuel_zombie_altar_kikubaaqudgha, minmay_temple_entry_mini_moons,
          minmay_misc_feat_plants, uniq_grinder
Temple:   hellmonk_temple_rainy

Skill      XL: |  1  2  3  4 |
---------------+-------------+-----
Throwing       | 2 |  2.0
Dodging        | 3 |  3.5
Fighting       | 3 |  3.5
Long Blades    | 4 |  4.6

Action                     |  1- 3 |  4- 6 || total
---------------------------+-------+-------++-------
  Melee: Long sword        |   112 |   112 ||   224
         Tailslap          |     9 |    13 ||    22
         Punch             |     2 |     2 ||     4
  Throw: Throwing net      |       |     2 ||     2
  Evoke: Wand              |       |     2 ||     2
    Use: Scroll            |     2 |       ||     2
         Potion            |       |     3 ||     3
   Stab: Sleeping          |     1 |       ||     1
 Armour: Skin              |    58 |    37 ||    95
  Dodge: Dodged            |    94 |    80 ||   174

Table legend: (Time is in decaauts)
 A = Elapsed time spent in this place.
 B = Non-inter-level travel time spent in this place.
 C = Inter-level travel time spent in this place.
 D = Time resting spent in this place.
 E = Time spent auto-exploring this place.
 F = Levels seen in this place.
 G = Mean time per level.
                   A        B        C        D        E       F      G
               +--------+--------+--------+--------+--------+-----+--------+
         Total |   2636 |   2576 |     60 |    364 |   1687 |   5 |  527.2 |
       Dungeon |   2608 |   2561 |     47 |    364 |   1677 |   4 |  652.0 |
        Temple |     27 |     14 |     13 |      0 |     10 |   1 |   27.0 |
               +--------+--------+--------+--------+--------+-----+--------+

Top non-repeatable levels by time:
     D:3: 1078 daAuts
     D:2: 826 daAuts
     D:1: 537 daAuts
     D:4: 165 daAuts
  Temple: 27 daAuts
